 Dungeon Sprint DCSS version 0.31-a0-1576-ga3383bade6 (webtiles) character file.

Game seed: 16236060913332145511

12 sircluck the Ruffian (level 4, -1/75 HPs)
             Began as a Troll Berserker on Jan 4, 2024.
             Was a Believer of Trog.
             Slain by a water moccasin (7 damage)
             ... in the Dungeon (Sprint VI: "Thunderdome").
             The game lasted 00:01:41 (231 turns).

sircluck the Ruffian (Troll Berserker)               Turns: 231, Time: 00:01:41

Health: -1/75      AC:  5    Str: 27    XL:     4   Next: 81%
Magic:  3/3        EV: 10    Int:  3    God:    Trog [**....]
Gold:   220        SH:  0    Dex:  9    Spells: 3/3 levels left

rFire   . .          .
                       - Unarmed
rCold   . . .        (no shield)
rNeg    . . .        l - +0 troll leather armour {Pargi}
rPois   .            (helmet restricted)
rElec   .            (no cloak)
rCorr   .            (gloves unavailable)
SInv    .            (boots unavailable)
Will    .....        (no amulet) Stlth
                     (no ring)
HPRegen 1.92/turn    (no ring)
MPRegen 0.08/turn

%: no teleportation
@: berserking, lethally poisoned (-1 -> -1), very quick
A: large, unfitting armour, claws 3, regeneration 1, shaggy fur 1, tough skin 1
a: Renounce Religion, Berserk, Trog's Hand


You were in the Dungeon.
You worshipped Trog.
Trog was pleased with you.
You visited 1 branch You collected 220 gold pieces.

Inventory:

Armour
 a - a +0 animal skin
 l - a +0 troll leather armour (worn) {Pargi}
Wands
 i - a wand of acid (5)
 j - a wand of iceblast (5)
Scrolls
 g - 4 scrolls of blinking
 k - 3 scrolls of fog
Potions
 b - a potion of curing
 c - 4 potions of heal wounds
 d - 4 potions of haste
 e - 2 potions of magic
 f - a potion of berserk rage
 h - a potion of resistance


   Skills:
 + Level 5.1 Fighting
 + Level 1.2 Armour
 + Level 5.1 Dodging
 + Level 6.1 Unarmed Combat


You had 3 spell levels left.
You didn't know any spells.
Your spell library was empty.

Dungeon Overview and Level Annotations

Branches:
Dungeon (1/1)

Altars:
Cheibriados
Dithmenos
Fedhas
Gozag
Kikubaaqudgha
Makhleb
Okawaru
Qazlal
Ru
Sif Muna
Trog
Uskayaw
Vehumet
Wu Jian
Xom
Yredelemnul
Zin
The Shining One
Lugonu

Shops:
D *[=??*?*:[((!!!!


Innate Abilities, Weirdness & Mutations

You are too large for most types of armour.
You have claws for hands.
Your natural rate of healing is unusually fast.
You are covered in fur. (AC +1)
You have tough skin. (AC +1)


Message History

You are more poisoned.
The water moccasin poisons you! The water moccasin bites you.
You are more poisoned.
The water moccasin poisons you!
You barely miss the water moccasin.
You feel extremely sick.
The water moccasin completely misses you.
You miss the water moccasin.
You feel very sick. The water moccasin bites you.
You claw the water moccasin!
The water moccasin is moderately wounded.
You feel very sick. The water moccasin bites you.
* * * LOW HITPOINT WARNING * * *
Unknown command.
Unknown command.
Unknown command.
You closely miss the water moccasin.
The water moccasin is moderately wounded.
You feel very sick. The water moccasin barely misses you.
You claw the water moccasin!
The water moccasin is heavily wounded.
You feel very sick. The water moccasin bites you.
* * * LOW HITPOINT WARNING * * *
The water moccasin completely misses you.
You closely miss the water moccasin.
The water moccasin is heavily wounded.
You feel very sick.
The water moccasin bites you but does no damage.
Unknown command.
Unknown command.
Unknown command.
A red film seems to cover your vision as you go berserk!
You feel yourself moving faster!
You feel mighty!
You feel very sick. The water moccasin bites you!
You die...

###∩........8.# #.8........∩###
##.............###.............#
#⌠..........###...###..........⌠
#⌠..........# #.<.# #.†........⌠
#⌠..........###...###..........⌠
##.............###....†........#
###∩........8.# #†8........∩###
##∩_._......###......___∩##
######.8..S@.....8.######
#⌠.†.........⌠# ###.........###
#_......._# #_......._#
#_......._# #∩.......∩#
##∩.....∩## ##.....##


You could see a water moccasin.

Vanquished Creatures
  Pargi (D)
  A hell rat (D)
  A river rat (D)
  A ball python (D)
  2 rats (D)
6 creatures vanquished.

Notes
Turn   | Place    | Note
-------+----------+-------------------------------------------
     0 | D        | sircluck the Troll Berserker began the quest for the Orb.
     0 | D        | Reached XP level 1. HP: 22/22 MP: 0/0
     1 | D        | Found an opulent altar of Gozag.
     1 | D        | Found an ornate altar of the Wu Jian Council.
     2 | D        | Found a burning altar of Makhleb.
     2 | D        | Found a shimmering blue altar of Sif Muna.
     3 | D        | Found a sacrificial altar of Ru.
     3 | D        | Found a stormy altar of Qazlal.
     4 | D        | Found a hide-covered altar of Uskayaw.
     4 | D        | Found Soofyses's Staff Store.
     4 | D        | Found Wucymagi's Magic Scroll Shop.
     5 | D        | Found a blossoming altar of Fedhas.
     5 | D        | Found Exaecw's Must-Have Magic.
     5 | D        | Found Henkemp's Magic Scroll Shop.
     5 | D        | Round 1.
    14 | D        | Reached XP level 2. HP: 31/31 MP: 1/1
    32 | D        | Found a glowing silver altar of Zin.
    33 | D        | Found Viehif's Timeless Talismans.
    33 | D        | Found a basalt altar of Yredelemnul.
    33 | D        | Found a shadowy altar of Dithmenos.
    33 | D        | Found Vurith's Identification Station.
    34 | D        | Found Haarghop's Jewellery.
    34 | D        | Found Pahonyfa's Advanced Armour.
    54 | D        | Found a radiant altar of Vehumet.
    56 | D        | Found an ancient bone altar of Kikubaaqudgha.
    56 | D        | Found a glowing golden altar of the Shining One.
    56 | D        | Found Raevveof's Premium Goods.
    56 | D        | Found Noinwown's Miscellaneous Merchandise.
    57 | D        | Found Jeguv's Basic Armour.
    63 | D        | Found Ynwecs's Weapon Rack.
    63 | D        | Found a shimmering altar of Xom.
    63 | D        | Found a snail-covered altar of Cheibriados.
    76 | D        | Found a bloodstained altar of Trog.
    77 | D        | Noticed Pargi
    78 | D        | Found a corrupted altar of Lugonu.
    78 | D        | Found an iron altar of Okawaru.
    78 | D        | Found Joc Rid's Do-It-Yourself Clinic.
    78 | D        | Found Oraa's Bottled Wisdom.
    79 | D        | Found Betapt's Distillery.
    80 | D        | Found Bunuej's Distillery.
    87 | D        | Killed Pargi
    88 | D        | Reached skill level 5 in Unarmed Combat
    88 | D        | Reached XP level 3. HP: 24/41 MP: 2/2
    88 | D        | Reached XP level 4. HP: 29/49 MP: 3/3
   151 | D        | Reached ** piety under Trog
   152 | D        | Reached skill level 5 in Fighting
   152 | D        | Reached skill level 1 in Armour
   152 | D        | Reached skill level 5 in Dodging
   152 | D        | Reached skill level 6 in Unarmed Combat
   172 | D        | Arena points: 12 (+12) [x2]
   198 | D        | Round 2.
   217 | D        | Noticed a water moccasin
   231 | D        | Slain by a water moccasin

Illustrated notes

Levels and vault maps discovered:
D:        arena_sprint

Skill      XL: |  1  2  3  4 |
---------------+-------------+-----
Fighting       | 3 4 5 |  5.1
Dodging        | 3 4 5 |  5.1
Unarmed Combat | 5 6 |  6.1
Armour         | 1 |  1.2

Action                     |  1- 3 |  4- 6 || total
---------------------------+-------+-------++-------
  Melee: Unarmed           |     9 |    22 ||    31
 Invoke: Berserk           |       |     1 ||     1
 Armour: Animal skin       |    13 |       ||    13
         Troll leather arm |       |    15 ||    15
  Dodge: Dodged            |     6 |    10 ||    16

Table legend: (Time is in decaauts)
 A = Elapsed time spent in this place.
 B = Non-inter-level travel time spent in this place.
 C = Inter-level travel time spent in this place.
 D = Time resting spent in this place.
 E = Time spent auto-exploring this place.
 F = Levels seen in this place.
 G = Mean time per level.
                   A        B        C        D        E       F      G
               +--------+--------+--------+--------+--------+-----+--------+
         Total |    228 |    228 |      0 |     27 |     82 |   1 |  228.0 |
       Dungeon |    228 |    228 |      0 |     27 |     82 |   1 |  228.0 |
               +--------+--------+--------+--------+--------+-----+--------+

Top non-repeatable levels by time:
       D: 228 daAuts
